 Dungeon Crawl Stone Soup version bcrawl-1.12.1 (webtiles) character file.

Game seed: 7876599697073222845

905 Morbidden the Sneak (level 8, 0/40 HPs)
             Began as a Vine Stalker Archaeologist on July 11, 2019.
             Slain by a killer bee (3 damage)
             ... on level 4 of the Dungeon.
             The game lasted 00:10:37 (3804 turns).

Morbidden the Sneak (Vine Stalker Archaeologist)    Turns: 3804, Time: 00:10:38

Health: 0/40       AC: 16    Str: 21    XL:     8   Next: 8%
Magic:  0/10       EV:  8    Int: 19    God:
Gold:   169        SH:  0    Dex: 13    Spells: 9/9 levels left

rFire    . . .     SeeInvis .   m - +0 war axe
rCold    . . .     Gourm    .   (no shield)
rNeg     . . .     Faith    .   C - +0 plate armour
rPois    +         Spirit   +   c - +1 hat
rElec    .         Reflect  .   o - +0 cloak
rCorr    .         Harm     .   (no gloves)
MR       +....                  d - +1 pair of boots
Stlth    +.........             (no amulet)
HPRegen  0.53/turn              n - ring of poison resistance
MPRegen  0.12/turn              x - ring of stealth

@: mighty, brilliant, lethally poisoned (0 -> 0), flying, very slightly
contaminated, studying Armour, invisible
A: fangs 3, regeneration 1, magic shield, antimagic bite, no potion heal 3, rot
immunity
a: no special abilities


You were on level 4 of the Dungeon.
You were not hungry.

You visited 1 branch of the dungeon, and saw 4 of its levels.

You collected 169 gold pieces.

Inventory:

Hand Weapons
 m - a +0 war axe (weapon)
Armour
 c - a +1 hat (worn)
 d - a +1 pair of boots (worn)
 o - a +0 cloak (worn)
 C - a +0 plate armour (worn)
Jewellery
 b - an uncursed ring of flight
 n - a ring of poison resistance (left hand)
 x - a ring of stealth (right hand)
Wands
 y - a wand of polymorph (7)
Scrolls
 a - 4 scrolls of remove curse
 h - 4 scrolls of identify
 l - 2 scrolls of fog {unknown}
 p - a scroll of fear {unknown}
 q - 2 scrolls of teleportation
 u - 2 scrolls of enchant weapon {unknown}
 w - a scroll of immolation {unknown}
 B - a scroll of amnesia {unknown}
 D - a scroll of noise {unknown}
Potions
 i - a potion of agility
 k - a potion of berserk rage
 r - a potion of cancellation {unknown}
 s - a potion of flight
Books
 e - a manual of Armour
Miscellaneous
 f - an ancient crate
Comestibles
 g - 7 rations {!d}
 v - 4 chunks of flesh


   Skills:
 * Level 3.2 Fighting
 + Level 2.2(2.3) Axes
   Level 0.8(1.6) Maces & Flails
 * Level 5.3 Armour
 + Level 4.5 Dodging
 + Level 6.0 Stealth
 * Level 1.3 Spellcasting
 + Level 0.1 Evocations


You had 9 spell levels left.
You didn't know any spells.
Your spell library was empty.

Dungeon Overview and Level Annotations

Branches:
Dungeon (4/12)
 Temple: D:4-7

Altars:


Innate Abilities, Weirdness & Mutations

You have razor-sharp teeth.
Your natural rate of healing is unusually fast.
When hurt, damage is shared between your health and your magic reserves.
Your bite disrupts and absorbs the magic of your enemies.
Potions cannot restore your health.
You are immune to rotting.


Message History

The killer bee is moderately wounded.
You feel sick.
The killer bee stings you but does no damage.
The killer bee barely misses you. x2
Unknown command.
You slash the killer bee! Your bite misses the killer bee.
The killer bee is almost dead.
You feel sick. The killer bee barely misses you. x2
The killer bee stings you but does no damage.
Unknown command.
You miss the killer bee. Your bite misses the killer bee.
The killer bee is almost dead.
The killer bee stings you but does no damage.
The killer bee closely misses you.
Unknown command.
Your plate armour prevents you from hitting the killer bee.
Your bite misses the killer bee.
The killer bee is almost dead.
You feel sick. The killer bee barely misses you. The killer bee stings you!
You die...

#...# ##..#.... #
##...# ##......## #.
#....####..##..## #.#
#.yw......# #..##
#.###yy...w...# ##..#
#..#†######..## #..##
#.y## #...# ##..#
##y## #...## #... ##@#
#..(.###... #.##
#.......... ....##
#...##.....
......##...###.....
#..........## #....#
##...###....#####...##
#..## #.....##.....##
##..####<........##..#
#..!.....#...####..


You could see 2 killer bees.

Vanquished Creatures
  A wyvern (D:3)
  A water moccasin (D:4)
  A phantom (D:4)
  A big kobold (D:4)
  A bullfrog (D:3)
  A killer bee (D:4)
  A crimson imp (D:4)
  An orc priest (D:4)
  A bullfrog skeleton (D:3)
  An iguana (D:4)
  3 orc wizards (D:4)
  A worker ant (D:4)
  A worker ant zombie (D:4)
  7 adders
  An ooze (D:2)
  An adder skeleton (D:4)
  A worm (D:4)
  2 dart slugs
  4 leopard geckos
  14 orcs
  5 giant cockroaches
  13 hobgoblins
  8 jackals
  6 kobolds
  3 quokkas (D:3)
  4 bats
  7 frilled lizards
  10 goblins
  2 rats
103 creatures vanquished.

Notes
Turn   | Place    | Note
-------+----------+-------------------------------------------
     0 | D:1      | Morbidden the Vine Stalker Archaeologist began the quest
                  | for the Orb.
     0 | D:1      | Reached XP level 1. HP: 9/9 MP: 2/2
   100 | D:1      | Reached XP level 2. HP: 11/14 MP: 3/3
   153 | D:1      | Reached skill level 1 in Fighting
   397 | D:1      | Reached XP level 3. HP: 18/18 MP: 4/4
   879 | D:2      | Reached XP level 4. HP: 22/22 MP: 5/5
   914 | D:2      | Reached skill level 1 in Armour
  1177 | D:2      | Reached skill level 5 in Stealth
  1761 | D:3      | Noticed a bullfrog
  1794 | D:3      | Killed a bullfrog
  1794 | D:3      | Reached XP level 5. HP: 14/25 MP: 2/6
  2389 | D:3      | Noticed an orc warrior
  2403 | D:3      | Noticed a wyvern
  2403 | D:3      | an orc warrior changed into a wyvern
  2415 | D:3      | Killed a wyvern
  2415 | D:3      | Reached XP level 6. HP: 22/30 MP: 3/7
  2770 | D:4      | Reached skill level 6 in Stealth
  2777 | D:4      | Reached XP level 7. HP: 35/35 MP: 8/8
  3019 | D:4      | Reached skill level 1 in Spellcasting
  3161 | D:4      | Reached skill level 5 in Armour
  3568 | D:4      | Reached skill level 1 in Axes
  3585 | D:4      | Gained mutation: You have razor-sharp teeth. [Vine Stalker
                  | growth]
  3585 | D:4      | Reached XP level 8. HP: 31/40 MP: 8/10
  3804 | D:4      | Slain by a killer bee

Skill      XL: |  1  2  3  4  5  6  7  8 |
---------------+-------------------------+-----
Dodging        | 3 4 |  4.5
Fighting       | 1 2 3 |  3.2
Armour         | 1 2 3 5 |  5.3
Stealth        | 5 6 |  6.0
Spellcasting   | 1 |  1.3
Axes           | 1 2 |  2.2
Maces & Flails | |  0.8
Evocations     | |  0.1

Action                   |  1- 3 |  4- 6 |  7- 9 || total
-------------------------+-------+-------+-------++-------
Melee: Whip              |   118 |   305 |    17 ||   440
       Bite              |    20 |    63 |    59 ||   142
       War axe           |       |       |   229 ||   229
Evoke: Wand              |       |     1 |     2 ||     3
  Use: Potion            |       |     4 |     8 ||    12
       Scroll            |       |       |     3 ||     3
 Stab: Sleeping          |     6 |     8 |       ||    14
       Invisible         |       |       |     2 ||     2
  Eat: Chunk             |       |     7 |     4 ||    11
Armor: Robe              |    37 |    48 |       ||    85
       Skin              |       |    19 |    17 ||    36
       Leather armour    |       |    29 |       ||    29
       Plate armour      |       |    87 |   245 ||   332
Dodge: Dodged            |    92 |   194 |   132 ||   418
